 Dungeon Crawl Stone Soup version 0.21.1-1-g345015f (webtiles) character file.

95 wojtek the Firebug (level 4, -1/30 HPs)
             Began as a Demonspawn Fire Elementalist on Mar 25, 2018.
             Killed from afar by an orc wizard (8 damage)
             ... with a puff of flame
             ... on level 3 of the Dungeon.
             The game lasted 00:04:32 (2525 turns).

wojtek the Firebug (Demonspawn Fire Elementalist)   Turns: 2525, Time: 00:04:33

Health: -1/30      AC:  2    Str:  8    XL:     4   Next: 39%
Magic:  0/7        EV: 12    Int: 18    God:
Gold:   116        SH:  0    Dex: 13    Spells: 6/7 levels left

rFire    . . .     SeeInvis .   f - +0 dagger
rCold    . . .     Gourm    .   (no shield)
rNeg     . . .     Faith    .   a - +0 robe
rPois    .         Spirit   .   (no helmet)
rElec    .         Reflect  .   (no cloak)
rCorr    +         Harm     .   (no gloves)
MR       .....                  (no boots)
Stlth    ++........             (no amulet)
HPRegen  0.10/turn              j - ring of resist corrosion
MPRegen  0.10/turn              (no ring)

@: very slightly contaminated
A: talons 1, powered by pain 2
a: no special abilities


You were on level 3 of the Dungeon.
You were not hungry.

You visited 1 branch of the dungeon, and saw 3 of its levels.

You collected 116 gold pieces.

Inventory:

Hand Weapons
 f - a +0 dagger (weapon)
 r - a +1 vampiric short sword
Armour
 a - a +0 robe (worn)
Jewellery
 j - a ring of resist corrosion (left hand)
Scrolls
 e - 3 scrolls of remove curse {unknown}
 h - 3 scrolls of identify {unknown}
 k - a scroll of blinking {unknown}
 m - a scroll of enchant armour {unknown}
 n - a scroll of noise {unknown}
 q - 2 scrolls of random uselessness {unknown}
Potions
 d - 3 potions of might {unknown}
 g - a potion of flight {unknown}
 i - a potion of degeneration {unknown}
 l - a potion of curing {unknown}
 o - a potion of resistance
 p - a potion of cancellation {unknown}
 t - a potion of ambrosia {unknown}
Books
 b - a book of Flames

   Spells                             Type                      Level
   a - Flame Tongue                   Conjuration/Fire             1
   b - Throw Flame                    Conjuration/Fire             2
   c - Conjure Flame                  Conjuration/Fire             3
   d - Inner Flame                    Hexes/Fire                   3
   e - Sticky Flame                   Conjuration/Fire             4
   f - Fireball                       Conjuration/Fire             5
Comestibles
 c - 3 rations
 s - 2 chunks of flesh


   Skills:
 - Level 1.7 Dodging
 - Level 1.7 Stealth
 - Level 2.0 Spellcasting
 - Level 1.0 Conjurations
 + Level 4.8 Fire Magic


You had 6 spell levels left.
You knew the following spells:

 Your Spells              Type           Power        Failure   Level  Hunger
a - Flame Tongue          Conj/Fire      ##...        5%          1    #......


Dungeon Overview and Level Annotations

Branches:
Dungeon (3/15)

Altars:

Annotations:
D:2 Terence


Innate Abilities, Weirdness & Mutations

You have sharp toenails.
You sometimes gain power by taking damage.


Message History

You miss the orc wizard. You claw the orc wizard.
The orc wizard is severely wounded.
The orc wizard miscasts a cantrip.
You hit the orc wizard but do no damage.
Your kick misses the orc wizard.
The orc wizard is severely wounded.
The orc wizard hits you with a dagger. The orc wizard closely misses you.
You closely miss the orc wizard.
The orc wizard is severely wounded.
The orc wizard hits you with a dagger.
* * * LOW HITPOINT WARNING * * *
You barely miss the orc wizard.
The orc wizard is severely wounded.
The orc wizard hits you with a dagger.
* * * LOW HITPOINT WARNING * * *
The orc wizard hits you with a dagger.
* * * LOW HITPOINT WARNING * * *
The orc wizard points at you and mumbles some strange words.
The puff of flame hits you!
You die...

#.#.......#######
##+# #.#.......+
#.#.......#
#.###...#.# #.#
#.#.#.#
###.###.#.#.#
#.........#.#
#######.###.#
#....o.@.#
#.##.#####[#. #
#.).......
#..#.....##
####.o.#... ...+
. #.## .# .#


You could see an orc wizard.

Vanquished Creatures
  2 gnolls (D:3)
  2 adders (D:2)
  A worm (D:2)
  A leopard gecko (D:2)
  2 orcs (D:3)
  7 bats
  A bat skeleton (D:2)
  A bat zombie (D:2)
  3 giant cockroaches (D:2)
  3 hobgoblins
  A jackal (D:1)
  A ball python skeleton (D:2)
  2 frilled lizards
  7 goblins
  A jackal zombie (D:2)
  9 kobolds
  9 rats
53 creatures vanquished.

Notes
Turn   | Place    | Note
-------+----------+-------------------------------------------
     0 | D:1      | wojtek the Demonspawn Fire Elementalist began the quest for the Orb.
     0 | D:1      | Reached XP level 1. HP: 13/13 MP: 3/3
   248 | D:1      | Reached skill level 3 in Fire Magic
   357 | D:1      | Gained mutation: You sometimes gain a little power by taking damage. [demonic ancestry]
   357 | D:1      | Reached XP level 2. HP: 19/19 MP: 0/5
  1166 | D:2      | Reached skill level 4 in Fire Magic
  1166 | D:2      | Gained mutation: You sometimes gain power by taking damage. [demonic ancestry]
  1166 | D:2      | Reached XP level 3. HP: 15/24 MP: 0/6
  1535 | D:2      | Found a faded altar of an unknown god.
  2068 | D:2      | Noticed Terence
  2102 | D:2      | Gained mutation: You have sharp toenails. [demonic ancestry]
  2102 | D:2      | Reached XP level 4. HP: 22/30 MP: 0/7
  2525 | D:3      | Killed from afar by an orc wizard

Skill      XL: |  1  2 |
---------------+-------+-----
Fire Magic     | 3 4 |  4.8
Dodging        | |  1.7
Stealth        | |  1.7
Spellcasting   | |  2.0
Conjurations   | |  1.0

Action                   |  1- 3 |  4- 6 || total
-------------------------+-------+-------++-------
Melee: Dagger            |    42 |     5 ||    47
       Unarmed           |     2 |       ||     2
       Kick              |       |     1 ||     1
 Cast: Flame Tongue      |    80 |    16 ||    96
  Eat: Chunk             |     2 |     1 ||     3
       Ration            |     1 |       ||     1
Armor: Robe              |    25 |       ||    25
Dodge: Dodged            |    60 |     2 ||    62
